 Dungeon Crawl Stone Soup version 0.16.2-12-gd0ad4c3 (webtiles) character file.

416 faibistes the Magician (level 6, -1/33 HPs)
             Began as a Deep Elf Wizard on July 9, 2018.
             Slain by a quokka (4 damage)
             ... on level 5 of the Dungeon.
             The game lasted 00:13:35 (4575 turns).

faibistes the Magician (Deep Elf Wizard)            Turns: 4575, Time: 00:13:35

Health: -1/33      AC:  4    Str:  4    XL:     6   Next: 60%
Magic:  2/23       EV: 14    Int: 25    God:
Gold:   114        SH:  0    Dex: 16    Spells: 6 memorised, 6 levels left

rFire  . . .     SeeInvis .     v - +0 dagger
rCold  . . .     Clarity  .     a - +0 robe
rNeg   . . .     SustAb   .     (no shield)
rPois  .         Gourm    .     b - +0 hat
rElec  .         Spirit   .     (no cloak)
rCorr  .         Warding  .     (no gloves)
rMut   .         Stasis   .     h - +1 pair of boots
MR     .....                    (no amulet)
Stlth  ++........               (no ring)
                                f - +3 ring of dexterity

@: very slightly contaminated, repel missiles, not resistant to hostile
enchantments, unstealthy
A: no striking features
a: no special abilities


You were on level 5 of the Dungeon.
You were very hungry.

You visited 1 branch of the dungeon, and saw 5 of its levels.

You collected 114 gold pieces.

Inventory:

Hand weapons
 m - a +0 falchion
 p - a +0 short sword
 v - a +0 dagger (weapon)
Armour
 a - a +0 robe (worn)
 b - a +0 hat (worn)
 h - a +1 pair of boots (worn)
Jewellery
 f - a +3 ring of dexterity (left hand)
Magical devices
 q - a wand of flame (4)
 y - a wand of frost (0)
Scrolls
 n - a scroll of recharging
 w - 3 scrolls of remove curse
Potions
 e - a potion of might
 j - a potion of invisibility
 k - a potion of magic {unknown}
 l - a potion of flight {unknown}
 r - a potion of restore abilities {unknown}
 s - a potion of haste
 u - a potion of curing
 z - a potion of berserk rage
 A - a potion of heal wounds {unknown}
Books
 c - a book of Minor Magic

   Spells                             Type                      Level
   a - Magic Dart                     Conjuration                  1
   b - Blink                          Translocation                2
   c - Call Imp                       Summoning                    2
   d - Repel Missiles                 Charms/Air                   2
   e - Slow                           Hexes                        2
   f - Conjure Flame                  Conjuration/Fire             3
   g - Mephitic Cloud                 Conjuration/Poison/Air       3
 o - a book of Party Tricks

   Spells                             Type                      Level
   a - Summon Butterflies             Summoning                    1
   b - Apportation                    Translocation                1
   c - Tukima's Dance                 Hexes                        3
   d - Alistair's Intoxication        Transmutation/Poison         4
   e - Invisibility                   Hexes                        6
Comestibles
 d - 4 bread rations
 g - a royal jelly
 i - 3 meat rations


   Skills:
 * Level 0.8 Fighting
 + Level 4.2 Dodging
 - Level 2.4 Stealth
 * Level 7.2 Spellcasting
 - Level 3.7 Conjurations
 - Level 1.1 Summonings
 - Level 2.4 Translocations
 + Level 1.0 Evocations


You had 6 spell levels left.
You knew the following spells:

 Your Spells              Type           Power        Failure   Level  Hunger
a - Magic Dart            Conj           ####         1%          1    None
b - Conjure Flame         Conj/Fire      ###.....     12%         3    None
c - Call Imp              Summ           ##......     10%         2    None
d - Blink                 Tloc           N/A          4%          2    None
e - Mephitic Cloud        Conj/Pois/Air  ###.....     12%         3    None
f - Repel Missiles        Chrm/Air       #.....       12%         2    None


Dungeon Overview and Level Annotations

Branches:
Dungeon (5/15)
 Temple: D:4-7

Altars:
Dithmenos
Fedhas
Makhleb
Xom
The Shining One


Message History

Casting: Blink
Confirm with . or Enter, or press ? or * to list all spells.
You miscast Blink.
You are very lightly contaminated with residual magic.
Your skin tingles.
The wyvern bites you.
* * * LOW HITPOINT WARNING * * *
Casting: Blink
Confirm with . or Enter, or press ? or * to list all spells.
You blink.
Casting: Blink
Confirm with . or Enter, or press ? or * to list all spells.
You blink.
The quokka barely misses you.
Casting: Blink
Confirm with . or Enter, or press ? or * to list all spells.
You don't have enough magic to cast that spell.
Unknown command.
The quokka bites you.
* * * LOW HITPOINT WARNING * * *
The quokka bites you.
You die...

. . .... . #...._ ###.
#......
#+###.....###.#.....
#....................
+....................
#....................
#...# #@.# ..#
+####...#####+##.r##..#
..#......#....#.......#
..#......'....#.D.....#
..'......#....#.......#
..#......#....'.......+
+##.##..####..###.#####
#+##..# #..###.####
..........#ยง...$+


You could see a wyvern and a quokka.

Vanquished Creatures
  A sky beast (D:2)
  An ogre (D:5)
  Ijyb (D:2)
  Terence (D:3)
  3 gnolls
  8 adders
  4 worms
  2 giant geckos (D:2)
  An ooze (D:2)
  7 orcs
  8 bats
  3 giant cockroaches
  11 goblins
  3 hobgoblins
  3 jackals (D:3)
  2 quokkas
  A ball python (D:1)
  8 giant newts
  7 kobolds
  11 rats
86 creatures vanquished.

Vanquished Creatures (collateral kills)
  2 adders (D:1)
  A kobold (D:1)
  A bat (D:1)
4 creatures vanquished.

Vanquished Creatures (others)
  A shadow imp (D:2)
1 creature vanquished.

Grand Total: 91 creatures vanquished

Notes
Turn   | Place    | Note
--------------------------------------------------------------
     0 | D:1      | faibistes, the Deep Elf Wizard, began the quest for the Orb.
     0 | D:1      | Reached XP level 1. HP: 10/10 MP: 6/6
   330 | D:1      | Reached XP level 2. HP: 15/15 MP: 4/9
   334 | D:1      | Learned a level 2 spell: Blink
   337 | D:1      | Learned a level 2 spell: Call Imp
   442 | D:2      | Found a burning altar of Makhleb.
   442 | D:2      | Found a shimmering altar of Xom.
   743 | D:1      | Reached XP level 3. HP: 17/19 MP: 1/13
   748 | D:1      | Learned a level 3 spell: Conjure Flame
   752 | D:1      | Learned a level 3 spell: Mephitic Cloud
  1161 | D:1      | Reached skill level 5 in Spellcasting
  1445 | D:3      | Noticed a sky beast
  2391 | D:3      | Reached XP level 4. HP: 18/24 MP: 14/17
  2398 | D:3      | Learned a level 2 spell: Repel Missiles
  2783 | D:2      | Killed a sky beast
  2783 | D:2      | Reached skill level 6 in Spellcasting
  2783 | D:2      | Reached XP level 5. HP: 28/28 MP: 6/20
  2978 | D:2      | Noticed Ijyb
  3029 | D:2      | Killed Ijyb
  3456 | D:2      | Found a shadowy altar of Dithmenos.
  3489 | D:2      | Reached XP level 6. HP: 32/32 MP: 18/22
  3704 | D:3      | Noticed Terence
  4012 | D:3      | Found a blossoming altar of Fedhas.
  4076 | D:3      | Killed Terence
  4398 | D:5      | Entered Level 5 of the Dungeon
  4471 | D:5      | Reached skill level 7 in Spellcasting
  4471 | D:5      | Reached skill level 1 in Evocations
  4535 | D:5      | Noticed a wyvern
  4575 | D:5      | Found a glowing golden altar of the Shining One.
  4575 | D:5      | Slain by a quokka

Action                   |  1- 3 |  4- 6 || total
-------------------------+-------+-------++-------
Melee: Unarmed           |     6 |       ||     6
       Falchion          |     1 |     5 ||     6
       Short sword       |       |     9 ||     9
       Dagger            |       |     2 ||     2
 Cast: Magic Dart        |    78 |   142 ||   220
       Call Imp          |     9 |       ||     9
       Blink             |     7 |     9 ||    16
       Mephitic Cloud    |     6 |     7 ||    13
       Conjure Flame     |     2 |    13 ||    15
       Repel Missiles    |       |     2 ||     2
  Use: Scroll            |     2 |     4 ||     6
       Potion            |     1 |       ||     1
 Stab: Confused          |     2 |     1 ||     3
  Eat: Chunk             |     5 |     5 ||    10
